 Dungeon Crawl Stone Soup version 0.21.1-1-g345015f (webtiles) character file.

74 Mirai the Sneak (level 4, 0/24 HPs)
             Began as a Kobold Enchanter on May 3, 2018.
             Slain by a goblin
             ... wielding a +0 club
              (5 damage)
             ... on level 3 of the Dungeon.
             The game lasted 00:05:12 (3042 turns).

Mirai the Sneak (Kobold Enchanter)                  Turns: 3042, Time: 00:05:12

Health: 0/24       AC:  2    Str:  5    XL:     4   Next: 54%
Magic:  0/8        EV: 16    Int: 16    God:
Gold:   54         SH:  3    Dex: 16    Spells: 5/8 levels left

rFire    . . .     SeeInvis +   a - +1 dagger
rCold    . . .     Gourm    .   (shield restricted)
rNeg     . . .     Faith    .   b - +0 robe
rPois    .         Spirit   .   (no helmet)
rElec    .         Reflect  +   (no cloak)
rCorr    .         Harm     .   (no gloves)
MR       .....                  (no boots)
Stlth    +++.......             e - +3 amulet of reflection
HPRegen  0.08/turn              l - ring of see invisible
MPRegen  0.11/turn              (no ring)

@: very slightly contaminated
A: small, carnivore
a: no special abilities


You were on level 3 of the Dungeon.
You were completely stuffed.

You visited 1 branch of the dungeon, and saw 3 of its levels.

You collected 54 gold pieces.

Inventory:

Hand Weapons
 a - a +1 dagger (weapon)
 q - a +0 rapier
 u - a +0 short sword of electrocution
Armour
 b - a +0 robe (worn)
 r - a +0 cloak
Jewellery
 e - a +3 amulet of reflection (around neck)
 g - an uncursed amulet of regeneration {unknown}
 l - a ring of see invisible (left hand)
Scrolls
 k - a scroll of remove curse {unknown}
 m - a scroll of fear {unknown}
 n - 2 scrolls of immolation {unknown}
 p - a scroll of enchant armour {unknown}
 s - a scroll of identify {unknown}
 v - a scroll of teleportation {unknown}
Potions
 f - a potion of heal wounds {unknown}
 h - a potion of brilliance {unknown}
 i - 6 potions of curing {unknown}
 j - a potion of ambrosia {unknown}
 o - a potion of degeneration {unknown}
Books
 c - a book of Maledictions

   Spells                             Type                      Level
   a - Corona                         Hexes                        1
   b - Ensorcelled Hibernation        Hexes/Ice                    2
   c - Confuse                        Hexes                        3
   d - Tukima's Dance                 Hexes                        3
   e - Dazzling Spray                 Conjuration/Hexes            3
Comestibles
 d - 6 rations
 t - 5 chunks of flesh


   Skills:
 + Level 2.5 Short Blades
 + Level 3.2 Dodging
 + Level 4.7 Stealth
 + Level 2.7 Spellcasting
 + Level 3.4 Hexes


You had 5 spell levels left.
You knew the following spells:

 Your Spells              Type           Power        Failure   Level  Hunger
a - Corona                Hex            ##.....      4%          1    #......
b - Ensorcelled Hibernat  Hex/Ice        #.....       14%         2    ##.....


Dungeon Overview and Level Annotations

Branches:
Dungeon (3/15)

Altars:
Ashenzari


Innate Abilities, Weirdness & Mutations

You are small and have problems with some larger weapons.
You are carnivorous and can eat meat at any time.


Message History

You miscast Ensorcelled Hibernation.
You are very lightly contaminated with residual magic.
You feel a strange surge of energy! The goblin hits you.
* * * LOW HITPOINT WARNING * * *
Casting: Ensorcelled Hibernation
Confirm with . or Enter, or press ? or * to list all spells.
You don't have enough magic to cast that spell.
The goblin misses you.
You feel sick.
You are no longer poisoned.
Casting: Ensorcelled Hibernation
Confirm with . or Enter, or press ? or * to list all spells.
Aiming: Ensorcelled Hibernation
Press: ? - help, Shift-Dir - straight line, f/p - goblin
Aim: a goblin (chance to defeat MR: 56%)
You miscast Ensorcelled Hibernation.
Wisps of condensation drift from your hands.
The goblin hits you but does no damage. The goblin misses you.
The goblin hits you with a club.
You die...

.##.[##########.# .. ..
.##..##...#####.# #.#.
.##..####.......# #... .##..#
#.####### #..##+###
.....####.#####.. #.......
..............#.####.##.#########
..............#.........††.......
.###.###......#.gg....#.##.#.####
...#..........#.@..........#
......#.......#......#..####.#
.......<#.#####......+.....(.#
##.##.#.#.#####.....<##>#.#..#
#.##.#.#........#'####.#....#
#.## #.#........#..........##
##.##.#.#........######.#...#
......#.#........# #=#.......
###.###.#........# #.#...####


You could see 2 goblins.

Vanquished Creatures
  2 adders
  2 worms (D:2)
  A dart slug (D:1)
  2 leopard geckos (D:1)
  2 bats
  2 giant cockroaches
  11 goblins
  5 hobgoblins (D:1)
  6 jackals
  A ball python (D:1)
  4 frilled lizards
  2 kobolds (D:1)
  4 rats
44 creatures vanquished.

Notes
Turn   | Place    | Note
-------+----------+-------------------------------------------
     0 | D:1      | Mirai the Kobold Enchanter began the quest for the Orb.
     0 | D:1      | Reached XP level 1. HP: 10/10 MP: 3/3
   279 | D:1      | Reached XP level 2. HP: 4/15 MP: 5/5
   290 | D:1      | Learned a level 2 spell: Ensorcelled Hibernation
  1234 | D:1      | Reached XP level 3. HP: 18/19 MP: 6/6
  1726 | D:2      | Found a faded altar of an unknown god.
  2187 | D:2      | Reached XP level 4. HP: 24/24 MP: 1/7
  2490 | D:2      | Found a shattered altar of Ashenzari.
  3042 | D:3      | Slain by a goblin

Skill      XL: |  1  2  3 |
---------------+----------+-----
Short Blades   | 2 |  2.5
Dodging        | 3 |  3.2
Stealth        | |  4.7
Spellcasting   | |  2.7
Hexes          | |  3.4

Action                   |  1- 3 |  4- 6 || total
-------------------------+-------+-------++-------
Melee: Dagger            |   129 |    62 ||   191
 Cast: Ensorcelled Hiber |     8 |     9 ||    17
 Stab: Sleeping          |     6 |     6 ||    12
  Eat: Chunk             |    12 |     4 ||    16
Armor: Robe              |     6 |    10 ||    16
Dodge: Dodged            |    65 |    51 ||   116
Block: Other             |    16 |    12 ||    28
       Reflection        |     1 |       ||     1
